 Dungeon Crawl Stone Soup version 0.19.1 (webtiles) character file.

28408 ChaseSP the Severer (level 13, 0/119 HPs)
             Began as a Hill Orc Fighter on Nov 30, 2016.
             Was a High Priest of Beogh.
             Slain by a spriggan
             ... wielding a +0 short sword
              (6 damage)
             ... on level 6 of the Lair of Beasts.
             The game lasted 00:52:32 (17686 turns).

ChaseSP the Severer (Hill Orc Fighter)             Turns: 17686, Time: 00:52:33

Health: 0/119      AC: 16    Str: 24    XL:     13   Next: 38%
Magic:  16/20      EV: 11    Int:  8    God:    Beogh [*****.]
Gold:   1061       SH: 12    Dex: 17    Spells: 0 memorised, 12 levels left

rFire  . . .     SeeInvis +     a - +1 war axe
rCold  + . .     Gourm    .     B - +0 chain mail of the Pure Ghosts {SInv} (curse)
rNeg   + . .     Faith    +     c - +0 shield
rPois  +         Spirit   .     L - +0 helmet of Heocirea {rElec rPois rN+ Str+4} (curse)
rElec  +         Reflect  .     w - +0 cloak
rCorr  .         Harm     .     n - +1 pair of gloves
MR     .....                    (no boots)
Stlth  ..........               W - amulet of faith
                                V - ring of protection from cold
                                Y - +5 ring of dexterity

@: no status effects
A: walk on water, weak 1, wild magic 1
a: Smiting, Recall Orcish Followers, Give Item to Named Follower, Renounce
Religion


You were on level 6 of the Lair of Beasts.
You worshipped Beogh.
Beogh was extremely pleased with you.
You were not hungry.

You visited 2 branches of the dungeon, and saw 17 of its levels.
You also visited: Labyrinth.

You collected 1061 gold pieces.

Inventory:

Hand Weapons
 a - a +1 war axe (weapon)
Missiles
 j - 3 javelins (quivered)
Armour
 b - a +2 ring mail of magic resistance
 c - a +0 shield (worn)
 n - a +1 pair of gloves (worn)
 v - a +0 chain mail
 w - a +0 cloak (worn)
 y - a +0 helmet
 B - the cursed +0 chain mail of the Pure Ghosts (worn) {SInv}
   (You found it on level 5 of the Dungeon)

   It lets you see invisible.
   It has a curse placed upon it.
 L - the cursed +0 helmet of Heocirea (worn) {rElec rPois rN+ Str+4}
   (You found it on level 8 of the Dungeon)

   It affects your strength (+4).
   It insulates you from electricity.
   It protects you from poison.
   It protects you from negative energy.
   It has a curse placed upon it.
Jewellery
 E - an uncursed amulet of harm
 T - an uncursed ring of wizardry
 V - a ring of protection from cold (right hand)
 W - an amulet of faith (around neck)
 Y - a +5 ring of dexterity (left hand)
 Z - the amulet "Huul" {RegenMP rF+ MR- Dex+6 SInv}
   (You found it in a labyrinth)

   [amulet of magic regeneration]

   It increases your magic regeneration.
   It affects your dexterity (+6).
   It protects you from fire.
   It affects your resistance to hostile enchantments.
   It lets you see invisible.
Wands
 d - a wand of flame (17/48)
 h - a wand of iceblast (9/15)
 o - a wand of flame (23/48)
 z - a wand of iceblast (5/15)
 O - a wand of polymorph (5/24)
 Q - a wand of slowing (17/48)
 R - a wand of polymorph (9/24)
 U - a wand of flame (10/48)
Scrolls
 e - 7 scrolls of amnesia
 g - 2 scrolls of magic mapping
 i - 5 scrolls of enchant weapon
 l - a scroll of enchant armour
 t - 4 scrolls of immolation
 C - 3 scrolls of fog
 G - 7 scrolls of teleportation
 I - a scroll of identify
 K - 8 scrolls of remove curse
 N - 2 scrolls of fear
Potions
 m - 6 potions of heal wounds
 r - 7 potions of curing
 s - a potion of brilliance
 u - 2 potions of agility
 A - 2 potions of flight
 D - a potion of might
 F - 2 potions of lignification
 J - a potion of cure mutation
 M - a potion of ambrosia
 P - 2 potions of cancellation {unknown}
Books
 x - a book of Changes

   Spells                             Type                      Level
   a - Beastly Appendage              Transmutation                1
   b - Sticks to Snakes               Transmutation                2
   c - Spider Form                    Transmutation/Poison         3
   d - Ice Form                       Ice/Transmutation            4
   e - Blade Hands                    Transmutation                5
 H - a book of Cantrips

   Spells                             Type                      Level
   a - Confusing Touch                Hexes                        1
   b - Animate Skeleton               Necromancy                   1
   c - Summon Small Mammal            Summoning                    1
   d - Apportation                    Translocation                1
 X - a book of Frost

   Spells                             Type                      Level
   a - Freeze                         Ice                          1
   b - Throw Frost                    Conjuration/Ice              2
   c - Ozocubu's Armour               Charms/Ice                   3
   d - Throw Icicle                   Conjuration/Ice              4
   e - Summon Ice Beast               Ice/Summoning                4
Comestibles
 f - 8 bread rations
 k - 5 beef jerkies
 p - 8 meat rations
 q - 2 slices of pizza
 S - 13 fruits


   Skills:
 * Level 12.9 Fighting
 - Level 16.3 Axes
 + Level 8.7 Armour
 + Level 6.3 Dodging
 - Level 8.1 Shields
 + Level 10.2 Invocations


You had 12 spell levels left.
You didn't know any spells.

Dungeon Overview and Level Annotations

Branches:
Dungeon (11/15)            Temple (0/1) D:4            Lair (6/6) D:11
  Swamp (0/4) Lair:4       Spider (0/4) Lair:3        Slime (0/5) Lair:6
    Orc: D:9-12

Altars:
Fedhas
Nemelex Xobeh
Okawaru
Sif Muna
Uskayaw
Vehumet
Yredelemnul

Shops:
D:10 (

Portals:
Trove: D:10 (give 17 potions of curing)

Annotations:
D:3 ChaseSP's ghost, amateur HOFi


Innate Abilities, Weirdness & Mutations

You can walk on water.
You are weak. (Str -2)
Your spells are a little harder to cast, but a little more powerful.


Message History

The spriggan rider hits you with a spear!!
* * * LOW HITPOINT WARNING * * *
You see here a hornet corpse.
You miss the spriggan. You hit the spriggan rider.
Argrim no longer looks unusually strong.
Ogrik hits the spriggan rider with an uncursed short sword!
The spriggan barely misses you.
Your orc knight roars a battlecry!
Argrim goes into a battle-frenzy!
The spriggan rider hits you with a spear.
* * * LOW HITPOINT WARNING * * *
The spriggan rider blocks Bogfrid's attack.
Blodwig barely misses the spriggan rider.
You slash the spriggan!
The spriggan is heavily wounded.
The spriggan rider blocks your attack.
Ogrik no longer looks unusually strong.
Ogrik closely misses the spriggan rider.
The spriggan hits you with a short sword.
You die...

......÷(...o...♣
.....(...÷o#...♣
.
......)...oo#o.♣♣
.
...(...##..♣♣♣oo♣
.♣ ......###.♣♣
♣♣o♣ ♣.♣ .#...##
#♣♣ ♣o♣♣♣.♣ .....
♣..).♣ .#...
♣ooo.♣ .÷...
♣.@i♣♣ ♣♣i♣♣


hY♣ YYY♣ ♣Yh♣. ♣hh ♣ .Yh ♣..♣ You could see a spriggan rider, 2 polar bears, 6
yaks, a spriggan, 3 wolves, 2 friendly orc knights, the friendly Blodwig the orc
knight, the friendly Bogfrid the orc knight, the friendly Morbeogh the orc
knight, the friendly Ogrik the orc knight and the friendly Argrim the orc
wizard.

Vanquished Creatures
  A minotaur (Lab)
  A hydra (Lair:2)
  Erica (D:9)
  An unseen horror (D:11)
  A hill giant (D:10)
  Pikel (D:4)
  An oklob plant (Lair:6)
  2 manticores
  An elephant (Lair:5)
  4 spiny frogs
  A komodo dragon (Lair:3)
  A troll (D:10)
  A blink frog (Lair:4)
  Grinder (D:3)
  2 hornets
  A hippogriff (Lair:2)
  Sigmund (D:3)
  A wyvern (D:8)
  3 spriggans
  14 yaks
  A hungry ghost (D:7)
  Edmund (D:4)
  Menkaure (D:4)
  A water moccasin (Lair:3)
  4 porcupines
  2 sky beasts
  A black bear (D:7)
  5 ice beasts
  An orc warrior (D:9)
  5 ogres
  7 wolves
  A boggart (Lair:6)
  12 centaurs
  4 crocodiles
  A big kobold (D:7)
  7 bullfrogs
  3 killer bees
  2 scorpions
  A wight (D:11)
  3 howler monkeys (D:8)
  2 crimson imps
  A bullfrog zombie (D:5)
  A quasit (D:9)
  5 orc priests
  Crazy Yiuf (D:4)
  2 bullfrog skeletons
  A hound (D:7)
  3 jellies
  A gnoll shaman (D:7)
  3 iguanas
  8 orc wizards
  15 worker ants
  2 hound skeletons
  A worker ant zombie (D:9)
  5 gnolls (D:7)
  3 river rats (D:11)
  17 adders
  2 howler monkey skeletons
  A shadow imp (D:5)
  4 oozes
  4 worms
  5 leopard geckos
  29 orcs
  13 bats
  4 giant cockroaches
  4 goblins
  6 hobgoblins
  4 jackals (D:4)
  13 kobolds
  7 quokkas
  4 frilled lizards
  4 rats
  A bush (Lair:5)
279 creatures vanquished.

Vanquished Creatures (collateral kills)
  Snorg (Lair:5)
  A catoblepas (Lair:5)
  2 hydras
  The ghost of Sin92 the Carver, a journeyman MiFi of Hepliaklqana (D:10)
  A hill giant (D:10)
  An orb spider (Lair:3)
  An ugly thing (D:10)
  A cyclops (D:11)
  5 elephants (Lair:5)
  A centaur zombie (D:11)
  2 black mambas (Lair:5)
  3 spiny frogs
  A torpor snail (Lair:5)
  3 komodo dragons
  A troll (D:10)
  A polar bear (Lair:4)
  A hornet (Lair:6)
  Prince Ribbit (D:9)
  6 blink frogs (Lair:4)
  4 hippogriffs
  14 yaks
  A basilisk (Lair:3)
  A hungry ghost (D:10)
  2 porcupines
  7 water moccasins
  2 black bears
  An ice beast (D:9)
  An ogre (D:11)
  A sky beast (D:11)
  A necrophage (D:11)
  3 centaurs (D:11)
  A phantom (D:11)
  14 wolves
  9 crocodiles
  5 bullfrogs
  A wyvern skeleton (D:9)
  7 killer bees
  A howler monkey (D:8)
  A wight (D:11)
  A bullfrog zombie (D:10)
  3 hounds
  3 jellies
  An orc priest (D:10)
  A bullfrog skeleton (D:8)
  A worker ant (D:11)
  A hound zombie (D:10)
  3 adders
  A river rat (D:11)
  2 oozes (Lair:6)
  A leopard gecko (D:9)
  2 orcs
  A quokka (D:11)
  A rat (D:11)
  A bush (Lair:5)
  A butterfly (Lair:3)
  7 fungi
  3 plants
145 creatures vanquished.

Vanquished Creatures (others)
  A wolf (Lair:6)
  An orc wizard (D:7)
  3 orc priests
  15 orcs
  A giant cockroach (D:4)
  A plant (Lair:2)
22 creatures vanquished.

Grand Total: 446 creatures vanquished

Notes
Turn   | Place    | Note
-------+----------+-------------------------------------------
     0 | D:1      | ChaseSP the Hill Orc Fighter began the quest for the Orb.
     0 | D:1      | Reached XP level 1. HP: 19/19 MP: 1/1
    83 | D:1      | Reached skill level 3 in Axes
   454 | D:1      | Reached XP level 2. HP: 26/26 MP: 2/2
   893 | D:2      | Reached skill level 4 in Axes
   904 | D:2      | Reached XP level 3. HP: 15/31 MP: 3/3
  1222 | D:2      | Reached skill level 5 in Axes
  1310 | D:2      | Reached XP level 4. HP: 39/39 MP: 4/4
  1648 | D:3      | Reached skill level 6 in Axes
  1667 | D:3      | Noticed ChaseSP's ghost (amateur HOFi)
  1761 | D:3      | Became a worshipper of Beogh the Brigand
  1777 | D:3      | Noticed Sigmund
  1793 | D:3      | Killed Sigmund
  1793 | D:3      | Reached skill level 8 in Axes
  1793 | D:3      | Reached XP level 5. HP: 18/45 MP: 5/5
  1793 | D:3      | Reached XP level 6. HP: 20/51 MP: 6/6
  2560 | D:3      | Noticed Grinder
  2561 | D:3      | Paralysed by Grinder for 4 turns
  2571 | D:3      | Paralysed by Grinder for 5 turns
  2577 | D:3      | Killed Grinder
  2577 | D:3      | Reached skill level 9 in Axes
  2577 | D:3      | Reached XP level 7. HP: 25/57 MP: 7/7
  2649 | D:3      | Reached skill level 10 in Axes
  3136 | D:4      | Found a staircase to the Ecumenical Temple.
  3658 | D:4      | Noticed Menkaure
  3672 | D:4      | Reached * piety under Beogh
  3674 | D:4      | Killed Menkaure
  3809 | D:4      | Noticed Pikel
  3819 | D:4      | Killed Pikel
  3819 | D:4      | Reached skill level 12 in Axes
  3819 | D:4      | Reached XP level 8. HP: 31/64 MP: 8/8
  3838 | D:4      | Found a blossoming altar of Fedhas.
  3838 | D:4      | Found a radiant altar of Vehumet.
  3861 | D:4      | Noticed Edmund
  3881 | D:4      | Killed Edmund
  4044 | D:4      | Found a runed door.
  4048 | D:4      | Noticed Crazy Yiuf
  4051 | D:4      | Killed Crazy Yiuf
  4101 | D:4      | Reached skill level 13 in Axes
  4119 | D:5      | Entered Level 5 of the Dungeon
  4344 | D:5      | Got an aquamarine-encrusted chain mail
  4355 | D:5      | Identified the cursed +0 chain mail of the Pure Ghosts {SInv} (You found it on level 5 of the Dungeon)
  4453 | D:5      | Reached ** piety under Beogh
  4453 | D:5      | Reached XP level 9. HP: 46/70 MP: 9/9
  4571 | D:5      | Reached skill level 14 in Axes
  4571 | D:5      | Reached skill level 1 in Invocations
  4575 | D:5      | Gained mutation: Your muscles are strong. (Str +2) [mutagenic meat]
  5903 | D:7      | Reached skill level 15 in Axes
  6519 | D:7      | Reached skill level 16 in Axes
  6559 | D:7      | Reached *** piety under Beogh
  6559 | D:7      | Reached XP level 10. HP: 72/77 MP: 13/13
  6570 | D:7      | Found a deep blue altar of Sif Muna.
  7260 | D:8      | Got a steaming helmet
  7271 | D:8      | Identified the cursed +0 helmet of Heocirea {rElec rPois rN+ Str+4} (You found it on level 8 of the Dungeon)
  7330 | D:8      | Reached skill level 1 in Dodging
  7933 | D:8      | Reached skill level 5 in Fighting
  8126 | D:9      | Noticed a manticore
  8138 | D:9      | Killed a manticore
  8138 | D:9      | Reached skill level 5 in Invocations
  8448 | D:9      | Noticed Prince Ribbit
  8457 | D:9      | Killed Prince Ribbit
  8518 | D:9      | Noticed Erica
  8525 | D:9      | Killed Erica
  8585 | D:9      | Reached skill level 5 in Armour
  8669 | D:9      | Found a hide-covered altar of Uskayaw.
  8679 | D:9      | Found an iron altar of Okawaru.
  8684 | D:9      | Found a basalt altar of Yredelemnul.
  8687 | D:9      | Found a sparkling altar of Nemelex Xobeh.
  8750 | D:9      | Reached **** piety under Beogh
  9032 | D:9      | Reached XP level 11. HP: 79/92 MP: 15/15
  9180 | D:10     | Entered Level 10 of the Dungeon
  9184 | D:10     | Noticed a hill giant
  9193 | D:10     | Killed a hill giant
  9193 | D:10     | Reached skill level 5 in Shields
  9196 | D:10     | Found Okovoal's Weapon Shoppe.
  9544 | D:10     | Noticed a hill giant
  9553 | D:10     | Killed a hill giant
  9581 | D:10     | Noticed a cyan ugly thing
  9589 | D:10     | Killed a cyan ugly thing
  9730 | D:10     | Found a portal to a secret trove of treasure.
  9946 | D:10     | Noticed Sin92's ghost (journeyman MiFi)
  9968 | D:10     | Killed Sin92's ghost
 10424 | D:11     | Noticed a manticore
 10435 | D:11     | Killed a manticore
 10436 | D:11     | Gained Bogfrid as an ally
 10696 | D:11     | Gained Ogrik as an ally
 10705 | D:11     | Reached ***** piety under Beogh
 10814 | D:11     | Found a staircase to the Lair.
 10977 | D:11     | Noticed a cyclops
 10981 | D:11     | Killed a cyclops
 11184 | D:11     | Noticed an unseen horror
 11194 | D:11     | Killed an unseen horror
 11450 | Lair:1   | Entered Level 1 of the Lair of Beasts
 11689 | Lair:1   | Reached XP level 12. HP: 95/106 MP: 18/18
 11802 | Lair:1   | Reached skill level 10 in Fighting
 12575 | Lair:2   | Found a labyrinth entrance.
 12596 | Lab      | Entered a labyrinth
 12876 | Lab      | Noticed a minotaur
 12887 | Lab      | Killed a minotaur
 12889 | Lab      | Got a smoking amethyst amulet
 12890 | Lab      | Identified the amulet "Huul" {RegenMP rF+ MR- Dex+6 SInv} (You found it in a labyrinth)
 13080 | Lair:2   | Noticed a five-headed hydra
 13093 | Lair:2   | Killed a 13-headed hydra
 13389 | Lair:2   | Reached skill level 5 in Dodging
 13493 | Lair:2   | Lost mutation: Your muscles are strong. (Str +2) [potion of mutation]
 13493 | Lair:2   | Gained mutation: Your spells are a little harder to cast, but a little more powerful. [potion of mutation]
 13493 | Lair:2   | Gained mutation: You are weak. (Str -2) [potion of mutation]
 13595 | Lair:2   | Gained Blodwig as an ally
 14387 | Lair:3   | Found a hole to the Spider Nest.
 15253 | Lair:4   | Gained Argrim as an ally
 15272 | Lair:4   | Reached ****** piety under Beogh
 15390 | Lair:4   | Found a staircase to the Swamp.
 15759 | Lair:5   | Noticed Snorg
 15768 | Lair:5   | Killed Snorg
 16083 | Lair:5   | Noticed a four-headed hydra
 16089 | Lair:5   | Killed a five-headed hydra
 16089 | Lair:5   | Reached XP level 13. HP: 65/117 MP: 20/20
 16792 | Lair:5   | Reached skill level 10 in Invocations
 17263 | Lair:6   | Entered Level 6 of the Lair of Beasts
 17271 | Lair:6   | Gained Morbeogh as an ally
 17483 | Lair:6   | Found a staircase to the Slime Pits.
 17686 | Lair:6   | Slain by a spriggan

Skill      XL: |  1  2  3  4  5  6  7  8  9 10 11 12 13 |
---------------+----------------------------------------+-----
Axes           | 3 4 5 8 9 12 13 16 | 16.3
Invocations    | 4 6 8 9 10 | 10.2
Fighting       | 7 9 11 12 | 12.9
Dodging        | 3 4 5 6 |  6.3
Armour         | 5 6 8 |  8.7
Shields        | 4 6 8 |  8.1

Action                   |  1- 3 |  4- 6 |  7- 9 | 10-12 | 13-15 || total
-------------------------+-------+-------+-------+-------+-------++-------
Melee: War axe           |    84 |    93 |   402 |   573 |    87 ||  1239
Throw: Javelin           |       |       |       |     1 |       ||     1
Invok: Convert to Beogh  |       |     1 |       |       |       ||     1
       Smiting           |       |       |     1 |     6 |     7 ||    14
       Recall Orcish Fol |       |       |       |    10 |     1 ||    11
       Give Item to Name |       |       |       |     1 |       ||     1
       Resurrection      |       |       |       |       |     1 ||     1
  Use: Potion            |       |     2 |     2 |     1 |     1 ||     6
       Scroll            |       |       |    11 |    15 |       ||    26
 Stab: Distracted        |       |       |       |     8 |     1 ||     9
  Eat: Chunk             |     1 |     3 |    18 |    26 |     3 ||    51
       Royal jelly       |       |       |     1 |     1 |     3 ||     5
       Fruit             |       |       |       |     2 |       ||     2
Armor: Scale mail        |    46 |    50 |    33 |       |       ||   129
       Chain mail        |       |       |   123 |   190 |    48 ||   361
Dodge: Dodged            |    31 |    30 |    72 |   136 |    31 ||   300
Block: Shield            |    42 |    43 |   137 |   266 |    61 ||   549
